 Dungeon Crawl Stone Soup version 0.31.0-12-g77e489cdc1 (webtiles) character file.

Game seed: 16560602248190808936

8313 sking99 the Skirmisher (level 11, -2/68 HPs)
             Began as a Kobold Hexslinger on Feb 21, 2024.
             Was a Believer of Ignis.
             Slain by an elephant (6 damage)
             ... on level 1 of the Lair of Beasts on Feb 22, 2024.
             The game lasted 00:31:14 (13101 turns).

sking99 the Skirmisher (Kobold Hexslinger)         Turns: 13101, Time: 00:31:15

Health: -2/68      AC: 12    Str: 11    XL:     11   Next: 53%
Magic:  17/17      EV: 29    Int: 14    God:    Ignis [**....]
Gold:   600        SH:  0    Dex: 17    Spells: 4/18 levels left

rFire   + . .        O - +0 arbalest
rCold   . . .        (shield currently unavailable)
rNeg    . . .        f - +0 troll leather armour
rPois   .            N - +2 hat
rElec   .            (no cloak)
rCorr   .            (no gloves)
SInv    .            (no boots)
Will    .....        h - amulet of Vampiric Thralls {RegenMP Slay+2 Stlth+}
Stlth   +++          g - +5 ring of evasion
HPRegen 1.11/turn    B - +5 ring of evasion
MPRegen 0.55/turn

%: no passive effects
@: lethally poisoned (-2 -> -6), weak-willed, fiery-armoured
A: small, no large weapons, nightstalker 3
a: Renounce Religion, Fiery Armour, Foxfire Swarm, Rising Flame


You were on level 1 of the Lair of Beasts.
You worshipped Ignis.
Ignis was pleased with you.
You visited 2 branches of the dungeon, and saw 11 of its levels.
You also visited: Sewer.

You collected 600 gold pieces.

Inventory:

Hand Weapons
 O - a +0 arbalest (weapon)
Missiles
 G - 2 throwing nets
Armour
 f - a +0 troll leather armour (worn)
 x - an orb of guile
 N - a +2 hat (worn)
Jewellery
 g - a +5 ring of evasion (left hand)
 h - the amulet of Vampiric Thralls (around neck) {RegenMP Slay+2 Stlth+}
   (You acquired it on level 5 of the Dungeon)

   [amulet of magic regeneration]

   RegenMP:   It increases your rate of magic regeneration.
   Slay+2:    It affects your accuracy & damage with ranged weapons and melee
   (+2).
   Stlth+:    It makes you more stealthy.
 n - a ring of see invisible
 t - a ring of magical power
 y - a ring of protection from fire
 B - a +5 ring of evasion (right hand)
 I - a ring of flight
 K - a ring of ice
Wands
 E - a wand of flame (41)
Scrolls
 b - 2 scrolls of poison
 c - a scroll of blinking {unknown}
 d - 2 scrolls of fog
 e - 6 scrolls of fear
 i - 2 scrolls of butterflies
 j - 2 scrolls of silence
 o - 5 scrolls of teleportation
 p - 2 scrolls of revelation {unknown}
 q - 2 scrolls of amnesia {unknown}
 r - 4 scrolls of enchant armour {unknown}
 u - 13 scrolls of identify {unknown}
 z - 2 scrolls of immolation {unknown}
 D - a scroll of vulnerability {unknown}
 L - a scroll of brand weapon {unknown}
Potions
 a - a potion of mutation {unknown}
 k - 2 potions of might {unknown}
 l - 3 potions of haste {unknown}
 m - 3 potions of lignification {unknown}
 s - 2 potions of curing {unknown}
 v - a potion of attraction {unknown}
 w - 3 potions of enlightenment
 A - 5 potions of degeneration
 C - 3 potions of brilliance {unknown}
 M - a potion of ambrosia {unknown}


   Skills:
 + Level 8.2 Fighting
 * Level 13.8 Ranged Weapons
 - Level 8.5 Dodging
 + Level 4.0 Spellcasting
 + Level 7.8 Hexes
 + Level 2.3 Translocations
 + Level 2.8 Fire Magic


You had 4 spell levels left.
You knew the following spells:

 Your Spells              Type           Power      Damage    Failure   Level
a - Jinxbite              Hex            48%        N/A       1%          2
b - Sigil of Binding      Hex            24%        N/A       3%          3
c - Cause Fear            Hex            12%        N/A       10%         4
d - Inner Flame           Hex/Fire       17%        N/A       9%          3
e - Blink                 Tloc           18%        N/A       14%         2

Your spell library contained the following spells:

 Spells                   Type           Power      Damage    Failure   Level
 Apportation              Tloc           18%        N/A       10%         1
 Magic Dart               Conj           8%         1d3       26%         1
 Necrotise                Necr           8%         1d4       26%         1
 Sting                    Conj/Alch      8%         1d3       26%         1
 Summon Small Mammal      Summ           8%         N/A       26%         1
 Dimensional Bullseye     Hex/Tloc       8%         N/A       30%         4
 Call Imp                 Summ           4%         N/A       36%         2


Dungeon Overview and Level Annotations

Branches:
Dungeon (10/15)            Temple (0/1) D:4            Lair (1/5) D:10
  Sewer (visited)
    Orc: D:9-12

Altars:
Cheibriados
Gozag
Hepliaklqana
Makhleb
Nemelex Xobeh
Qazlal
Ru
Trog
Uskayaw
Vehumet
Wu Jian
Xom
Yredelemnul
Zin
The Shining One
Ignis

Shops:
D:4 ?


Innate Abilities, Weirdness & Mutations

You are small and have problems with some larger weapons.
You are completely attuned to the shadows.


Message History

You feel sick. The water moccasin misses you.
The elephant completely misses you. The elephant trunk-slaps you.
The elephant is burned by your cloak of flames.
The elephant is lightly wounded.
The elephant closely misses you. The elephant completely misses you.
The elephant misses you.
The elephant trunk-slaps you but does no damage.
The elephant is burned by your cloak of flames.
The elephant is lightly wounded.
You feel sick.
The water moccasin bites you but does no damage.
The water moccasin is burned by your cloak of flames.
The water moccasin is lightly wounded.
The elephant misses you. The elephant barely misses you.
The elephant completely misses you. x2; The elephant barely misses you.
The elephant closely misses you.
The water moccasin bites you but does no damage.
The water moccasin is burned by your cloak of flames.
The water moccasin is moderately wounded.
You feel sick.
The water moccasin completely misses you.
The elephant completely misses you. x2; The elephant misses you. x2
The elephant closely misses you. The elephant misses you.
You feel sick.
The water moccasin completely misses you.
The elephant misses you. The elephant completely misses you.
The elephant tramples you!
* * * LOW HITPOINT WARNING * * *
You stumble backwards!
You feel sick. The water moccasin misses you. The water moccasin bites you.
* * * LOW HITPOINT WARNING * * *
You are more poisoned.
The water moccasin poisons you! The elephant tramples you.
* * * LOW HITPOINT WARNING * * *
You stumble backwards!
* * * LOW HITPOINT WARNING * * *
You feel very sick. The elephant completely misses you.
The elephant misses you. The elephant tramples you.
You die...

...........
#............
###............
...............
#P.......<....
#..YY.....###
#.@YS......#
#......##.....
......#####....
.......
##...###


You could see 3 elephants and a water moccasin.

Vanquished Creatures
  A two-headed ogre (D:9)
  An elephant (D:10)
  A komodo dragon (D:10)
  A gargoyle (D:10)
  A kobold demonologist (D:9)
  3 trolls
  Grinder (D:6)
  Sigmund (D:5)
  3 yaks (D:9)
  A wyvern (D:8)
  2 wraiths (D:10)
  5 orc warriors
  2 ice beasts (D:5)
  4 ogres
  3 centaurs
  5 wolves
  3 kobold brigands
  3 bullfrogs
  4 scorpions
  A gnoll sergeant (D:8)
  5 wights (D:8)
  3 killer bees (D:6)
  7 electric eels
  3 gnoll boudas
  2 bombardier beetles
  11 hounds
  A jelly (D:5)
  7 orc priests
  Natasha (thrice) (D:3)
  3 iguanas
  9 orc wizards
  24 gnolls
  15 adders
  2 river rats (Sewer)
  3 white imps
  5 dart slugs
  2 ribbon worms
  43 orcs
  6 bats
  8 endoplasms
  7 giant cockroaches
  27 goblins
  23 hobgoblins
  4 jackals (D:2)
  10 quokkas
  7 ball pythons
  3 frilled lizards
  20 kobolds
  6 rats
315 creatures vanquished.

Vanquished Creatures (others)
  A white imp (D:7)
  39 foxfires
40 creatures vanquished.

Grand Total: 355 creatures vanquished

Notes
Turn   | Place    | Note
-------+----------+-------------------------------------------
     0 | D:1      | sking99 the Kobold Hexslinger began the quest for the Orb.
     0 | D:1      | Reached XP level 1. HP: 12/12 MP: 2/2
   237 | D:1      | Reached skill level 3 in Ranged Weapons
   491 | D:1      | Reached XP level 2. HP: 16/16 MP: 3/3
   628 | D:1      | Reached XP level 3. HP: 17/20 MP: 4/4
   631 | D:1      | Learned a level 2 spell: Jinxbite
   795 | D:1      | Found a faded altar of an unknown god.
  1055 | D:1      | Prayed at the altar of an unknown god.
  1055 | D:1      | Became a worshipper of Ignis, the Dying Flame
  1465 | D:2      | Reached skill level 4 in Ranged Weapons
  2109 | D:2      | Reached XP level 4. HP: 26/26 MP: 5/5
  2439 | D:3      | Learned a level 3 spell: Sigil of Binding
  3010 | D:3      | Reached XP level 5. HP: 30/30 MP: 3/7
  3116 | D:3      | Noticed Natasha
  3122 | D:3      | Killed Natasha
  3175 | D:3      | Noticed Natasha
  3179 | D:3      | Killed Natasha
  3180 | D:3      | Reached skill level 5 in Ranged Weapons
  3257 | D:3      | Noticed Natasha
  3262 | D:3      | Killed Natasha
  3300 | D:3      | Found a glowing silver altar of Zin.
  3444 | D:4      | Found a glowing drain.
  3470 | D:4      | Reached XP level 6. HP: 36/36 MP: 4/8
  3471 | Sewer    | Entered a sewer
  4369 | D:4      | Reached skill level 6 in Ranged Weapons
  4420 | D:4      | Reached XP level 7. HP: 41/41 MP: 7/10
  4694 | D:4      | Found a staircase to the Ecumenical Temple.
  4902 | D:4      | Found a hazy altar of Hepliaklqana.
  4945 | D:4      | Found an ornate altar of the Wu Jian Council.
  5724 | D:4      | Found Pomio's Magic Scroll Shop.
  5894 | D:5      | Entered Level 5 of the Dungeon
  5896 | D:5      | Identified a scroll of acquirement
  5896 | D:5      | Acquired the amulet of Vampiric Thralls {RegenMP Slay+2
                  | Stlth+}
  5912 | D:5      | Reached skill level 7 in Ranged Weapons
  5912 | D:5      | Reached XP level 8. HP: 48/48 MP: 12/12
  6099 | D:5      | Reached skill level 5 in Dodging
  6644 | D:5      | Reached skill level 8 in Ranged Weapons
  6649 | D:5      | Noticed Sigmund
  6692 | D:5      | Killed Sigmund
  7134 | D:5      | Found a sparkling altar of Nemelex Xobeh.
  7374 | D:6      | Reached skill level 5 in Hexes
  7380 | D:6      | Reached skill level 5 in Fighting
  7385 | D:6      | Reached XP level 9. HP: 54/54 MP: 13/13
  7395 | D:6      | Reached skill level 9 in Ranged Weapons
  7926 | D:6      | Noticed Grinder
  7930 | D:6      | Paralysed by Grinder for 4 turns
  7944 | D:6      | Killed Grinder
  8361 | D:6      | Reached skill level 10 in Ranged Weapons
  9148 | D:7      | Found a basalt altar of Yredelemnul.
  9240 | D:7      | Found a glowing golden altar of the Shining One.
  9360 | D:7      | Found a burning altar of Makhleb.
  9663 | D:7      | Found a hide-covered altar of Uskayaw.
  9878 | D:8      | Reached XP level 10. HP: 51/60 MP: 14/14
 10005 | D:8      | Found a sacrificial altar of Ru.
 10010 | D:8      | Found a faded altar of an unknown god.
 10012 | D:8      | Found a shimmering altar of Xom.
 10013 | D:8      | Found an opulent altar of Gozag.
 10018 | D:8      | Found a faded altar of an unknown god.
 10047 | D:8      | Reached skill level 11 in Ranged Weapons
 10546 | D:8      | Found a snail-covered altar of Cheibriados.
 10584 | D:8      | Found a radiant altar of Vehumet.
 10890 | D:9      | Noticed a two-headed ogre
 10919 | D:9      | Killed a two-headed ogre
 10920 | D:9      | Reached skill level 12 in Ranged Weapons
 11020 | D:9      | Noticed a kobold demonologist
 11028 | D:9      | Killed a kobold demonologist
 11129 | D:9      | HP: 3/63 [centaur/arrow (4)]
 11551 | D:9      | Identified the +3 leather armour of the Apothecary {rPois
                  | Int+3}
 11988 | D:10     | Entered Level 10 of the Dungeon
 11992 | D:10     | Noticed a gargoyle
 12068 | D:9      | Learned a level 4 spell: Cause Fear
 12072 | D:9      | Learned a level 3 spell: Inner Flame
 12075 | D:9      | Learned a level 2 spell: Blink
 12127 | D:10     | Found a bloodstained altar of Trog.
 12153 | D:10     | Reached XP level 11. HP: 46/67 MP: 15/15
 12173 | D:10     | Reached skill level 13 in Ranged Weapons
 12224 | D:9      | Reached skill level 1 in Translocations
 12423 | D:10     | Found a stormy altar of Qazlal.
 12754 | D:10     | Found a staircase to the Lair.
 13016 | Lair:1   | Entered Level 1 of the Lair of Beasts
 13016 | Lair:1   | Noticed an elephant
 13021 | Lair:1   | Noticed an elephant
 13032 | D:10     | Killed an elephant
 13084 | Lair:1   | Noticed an elephant
 13084 | Lair:1   | Noticed an elephant
 13101 | Lair:1   | Slain by an elephant

Illustrated notes

Levels and vault maps discovered:
D:1:      nzn_arrival_crosshair, layout_loops_ring,
          hellmonk_ecumenical_altar_leap_of_faith, minmay_vboxes
D:2:      layout_basic, minmay_domino_2
D:3:      layout_loops_ring, zin_statuary, minmay_door_square, uniq_natasha
D:4:      minmay_goblin_kobold_castle, layout_loops_cross,
          mainiacjoe_overflow_catwalk_spiral,
          minmay_temple_entry_gardened_gates, serial_shops,
          nicolae_shop_just_a_little_nook, portal_sewer_entry_f
D:5:      layout_layer_cave, nemelex_spade_bored_becter,
          kennysheep_generic_room_6, uniq_sigmund
D:6:      layout_basic, uniq_grinder
D:7:      layout_rooms, nicolae_overflow_squiral, nicolae_uskayaw_suspiria,
          marbit_many_paths, serial_corexii_hall, corexii_hall_statues_i,
          corexii_hall_statues_i
D:8:      minmay_klotski, layout_rooms, chequers_temple_overflow_minitemple,
          kennysheep_mini, old_standard_altar,
          serial_library_hellmonk_double_dead_end, minmay_holes, minivault_14
D:9:      layout_roguey, special_room [special_room_orc]
D:10:     layout_cave_pools, lightli_temple_of_fire, lemuel_doored_altar,
          erik_lair_island
Lair:1:   layout_cave_pods, nicolae_lair_liquid_snakes

Skill      XL: |  1  2  3  4  5  6  7  8  9 10 11 |
---------------+----------------------------------+-----
Ranged Weapons | 3 4 5 6 7 8 10 12 13 | 13.8
Dodging        | 3 4 5 7 8 |  8.5
Fighting       | 2 3 5 6 7 8 |  8.2
Spellcasting   | 2 3 4 |  4.0
Hexes          | 4 5 6 7 |  7.8
Translocations | 2 |  2.3
Fire Magic     | 2 |  2.8

Action                     |  1- 3 |  4- 6 |  7- 9 | 10-12 || total
---------------------------+-------+-------+-------+-------++-------
  Melee: Arbalest          |       |       |       |     1 ||     1
   Fire: Sling             |    99 |   182 |   287 |       ||   568
         Orcbow            |       |       |   106 |   185 ||   291
         Arbalest          |       |       |       |   173 ||   173
   Cast: Jinxbite          |    12 |    32 |    52 |    41 ||   137
         Sigil of Binding  |       |     3 |     2 |     2 ||     7
         Cause Fear        |       |       |       |     3 ||     3
         Inner Flame       |       |       |       |     2 ||     2
 Invoke: Foxfire Swarm     |       |       |     1 |     2 ||     3
         Fiery Armour      |       |       |       |     2 ||     2
    Use: Scroll            |       |       |     8 |       ||     8
 Armour: Robe              |    20 |    30 |    65 |    47 ||   162
         Troll leather arm |       |       |       |    78 ||    78
  Dodge: Dodged            |    39 |   179 |   305 |   530 ||  1053
